 Dungeon Crawl Stone Soup version 0.29.0-11-gd7f09526c8 (webtiles) character file.

Game seed: 8370239441696749921

752 Gabide the Sneak (level 7, 0/51 (67) HPs)
             Began as a Naga Monk on Sept 6, 2022.
             Slain by a wight
             ... wielding a +0 flail
              (6 damage)
             ... on level 4 of the Dungeon.
             The game lasted 00:08:03 (4974 turns).

Gabide the Sneak (Naga Monk)                        Turns: 4974, Time: 00:08:03

HP:   0/51 (67)     AC:  4    Str: 13    XL:     7   Next: 78%
MP:   7/7           EV: 11    Int: 10    God:
Gold: 153           SH:  0    Dex: 16    Spells: 6/6 levels left

rFire   . . .      SeeInvis +   a - +4 dagger
rCold   . . .      Faith    .   (no shield)
rNeg    . . .      Spirit   .   c - +0 robe
rPois   +          Reflect  .   k - +0 helmet
rElec   .          Harm     .   (no cloak)
rCorr   .          Rampage  .   (no gloves)
Will    .....                   (no barding)
Stlth   ++++......              (no amulet)
HPRegen 0.17/turn               (no ring)
MPRegen 0.10/turn               (no ring)

@: hasted, heavily drained, invisible, quick
A: AC +2, large, see invisible, deformed body, poison resistance, slowness 2,
spit poison 1, naga tail 1
a: Spit Poison


You were on level 4 of the Dungeon.
You visited 1 branch of the dungeon, and saw 5 of its levels.

You collected 198 gold pieces.
You spent 45 gold pieces at shops.

Inventory:

Hand Weapons
 a - a +4 dagger (weapon)
 b - a +0 sling
Armour
 c - a +0 robe (worn)
 k - a +0 helmet (worn)
Wands
 u - a wand of iceblast (9)
Scrolls
 e - a scroll of amnesia
 g - a scroll of enchant weapon {unknown}
 h - a scroll of fear
 i - a scroll of teleportation
 j - a scroll of immolation {unknown}
 m - a scroll of noise
 n - a scroll of blinking {unknown}
 o - a scroll of fog {unknown}
Potions
 d - a potion of flight {unknown}
 f - a potion of brilliance {unknown}
 q - 2 potions of curing
 r - a potion of invisibility
 s - a potion of lignification {unknown}
 t - a potion of berserk rage {unknown}
 v - a potion of resistance {unknown}


   Skills:
 + Level 5.1 Fighting
 + Level 5.1 Short Blades
 + Level 4.1 Dodging
 + Level 7.1 Stealth


You had 6 spell levels left.
You didn't know any spells.
Your spell library contained the following spells:

 Spells                   Type           Power      Damage    Failure   Level
 Shock                    Conj/Air       0%         1d3       36%         1
 Sublimation of Blood     Necr           0%         N/A       50%         2
 Wereblood                Tmut           0%         N/A       50%         2
 Call Canine Familiar     Summ           0%         N/A       75%         3
 Portal Projectile        Hex/Tloc       0%         N/A       75%         3
 Swiftness                Air            0%         N/A       75%         3
 Airstrike                Air            0%         2d(0-16)  98%         4
 Leda's Liquefaction      Hex/Erth       0%         N/A       98%         4
 Summon Hydra             Summ           0%         N/A       100%        7


Dungeon Overview and Level Annotations

Branches:
Dungeon (5/15)
 Temple: D:4-7

Altars:
Gozag
Nemelex Xobeh
Wu Jian
Zin

Shops:
D:1 [[=[

Annotations:
D:3 3 runed translucent doors, jonaskbp's ghost, amateur DjSu


Innate Abilities, Weirdness & Mutations

Your serpentine skin is tough. (AC +2)
You have supernaturally acute eyesight. (SInv)
Armour fits poorly on your strangely shaped body.
Your system is resistant to poisons. (rPois)
You cover ground very slowly.
You can spit poison.
You have a snake-like lower body.


Message History

You are too injured to fight recklessly!
You are too injured to fight recklessly!
You are too injured to fight recklessly!
You are too injured to fight recklessly!
You are too injured to fight recklessly!
You are too injured to fight recklessly!
You feel much better. The wight hits you with a +0 flail!
You feel yourself speed up. The wight hits you with a +0 flail!
You feel drained.
You puncture the wight!
The wight is heavily damaged.
You hit the wight.
The wight is heavily damaged.
The wight closely misses you.
You hit the wight but do no damage.
The wight is heavily damaged.
You closely miss the wight.
The wight is heavily damaged.
The wight hits you with a +0 flail!
* * * LOW HITPOINT WARNING * * *
You feel drained.
* * * LOW HITPOINT WARNING * * *
You barely miss the wight.
The wight is heavily damaged.
You barely miss the wight.
The wight is heavily damaged.
The wight hits you with a +0 flail!
* * * LOW HITPOINT WARNING * * *
Press: ? - help, v - describe, . - travel
Here: a wight, wielding a +0 flail and wearing a +0 robe (heavily damaged)
The floor, spattered with blood.
Unknown command.
It was a potion of invisibility.
You fade into invisibility!
Okay, then.
Unknown command.
You hit the wight but do no damage.
The wight is heavily damaged.
The wight hits you with a +0 flail.
You die...

.............#####.#......##.##..
............##.......####.#..##..
.............#.###..## #.#.###.#
...............##..## #...# #.#
#.............###)## #..## #.#
#............## #.# #..# #.#
.............# ##.# #.#####.#
#............# #..# ##.###...#
#........###.###@## ##..##....#
##.##.>....#...#z## ##...##..#..
.#..#...##..##..z)####...#...###.
.##.........####)).#...###..#####
.####..###.......#.#.#.##..###.##
.....<...........[>..#.##.###._.#
.####..##.#####....[.......###.##
##.........# #.............#'#รท#
#.........# ####....#......###.


You could see 2 wights.

Vanquished Creatures
  Grinder (D:3)
  Sigmund (D:2)
  2 wights (D:4)
  2 orc priests (D:4)
  A hound (D:4)
  2 iguanas (D:4)
  3 gnolls (D:4)
  5 adders
  2 ufetubi (D:4)
  2 dart slugs
  A worm (D:3)
  3 orcs
  8 ball pythons
  8 endoplasms
  A giant cockroach (D:2)
  5 hobgoblins
  2 jackals (D:4)
  2 quokkas
  7 bats
  A frilled lizard (D:2)
  6 goblins
  5 kobolds
  5 rats
75 creatures vanquished.

Notes
Turn   | Place    | Note
-------+----------+-------------------------------------------
     0 | D:1      | Gabide the Naga Monk began the quest for the Orb.
     0 | D:1      | Reached XP level 1. HP: 21/21 MP: 1/1
   103 | D:1      | Reached XP level 2. HP: 13/28 MP: 2/2
   338 | D:1      | Found Ytere's Antique Armour Emporium.
   709 | D:1      | Found Vefus's Weapon Boutique.
   944 | D:1      | Found Sapimeng's Armour Boutique.
   948 | D:1      | Bought a +0 helmet for 45 gold pieces
   986 | D:1      | Found a faded altar of an unknown god.
  1051 | D:1      | Found Dueps's Antique Armour Boutique.
  1065 | D:1      | Found Jeosm's Jewellery Shop.
  1150 | D:2      | Reached XP level 3. HP: 23/34 MP: 3/3
  2024 | D:2      | Noticed Sigmund
  2028 | D:2      | Killed Sigmund
  2029 | D:2      | Reached skill level 5 in Stealth
  2029 | D:2      | Reached XP level 4. HP: 39/44 MP: 4/4
  2029 | D:2      | Reached XP level 5. HP: 44/50 MP: 5/5
  2470 | D:3      | Found a glowing silver altar of Zin.
  2586 | D:3      | Found an opulent altar of Gozag.
  2729 | D:3      | Noticed Grinder
  2730 | D:3      | Found an ornate altar of the Wu Jian Council.
  2734 | D:3      | Paralysed by Grinder for 4 turns
  2749 | D:3      | Reached XP level 6. HP: 45/57 MP: 6/6
  2776 | D:3      | Killed Grinder
  2777 | D:3      | Reached skill level 6 in Stealth
  3076 | D:3      | Found a runed translucent gate.
  3077 | D:3      | Found a runed translucent gate.
  3077 | D:3      | Found a runed translucent gate.
  3078 | D:3      | Noticed jonaskbp's ghost (amateur DjSu)
  3362 | D:4      | Reached XP level 7. HP: 61/66 MP: 7/7
  4217 | D:4      | Found a sparkling altar of Nemelex Xobeh.
  4225 | D:4      | Reached skill level 5 in Fighting
  4432 | D:5      | Entered Level 5 of the Dungeon
  4507 | D:4      | Reached skill level 5 in Short Blades
  4775 | D:4      | Reached skill level 7 in Stealth
  4974 | D:4      | Slain by a wight

Illustrated notes

Levels and vault maps discovered:
D:1:      tarquinn_simple_flora_water_f, layout_loops_cross,
          hellmonk_ecumenical_altar_inner_sanctum, serial_shops, shop_statue,
          nicolae_shop_bloodbath_and_beyond, nicolae_shop_hallway_plus,
          nicolae_shop_competitors_out_of_business, shop, minivault_14
D:2:      layout_basic, uniq_sigmund
D:3:      layout_loops_ring, grunt_gozag_breadcrumbs, overflow_temple_1_default,
          nicolae_wu_jian_wuxing_cycle, ebering_ghost_rock_garden,
          lightli_corner_chamber, uniq_grinder
D:4:      layout_rooms, nemelex_diamond_rough_becter
D:5:      layout_loops_corners, fedhas_altar_4,
          mainiacjoe_overflow_six_doors_small, chequers_arboretum,
          uniq_crazy_yiuf_cottage

Skill      XL: |  1  2  3  4  5  6  7 |
---------------+----------------------+-----
Fighting       | 4 5 |  5.1
Short Blades   | 4 5 |  5.1
Dodging        | 3 4 |  4.1
Stealth        | 5 6 7 |  7.1

Action                   |  1- 3 |  4- 6 |  7- 9 || total
-------------------------+-------+-------+-------++-------
Melee: Short sword       |    28 |       |       ||    28
       Dagger            |     7 |    42 |   125 ||   174
       Punch             |       |     1 |     3 ||     4
 Abil: Spit Poison       |    35 |    13 |    11 ||    59
  Use: Scroll            |       |     6 |     1 ||     7
       Potion            |       |     2 |     5 ||     7
 Stab: Sleeping          |     1 |     4 |     2 ||     7
Armor: Robe              |     7 |     9 |    29 ||    45
Dodge: Dodged            |    20 |    15 |    90 ||   125
